Map: Oxide LE

Players

LiquidClem (Clem) - Winner!

  • Race: Terran Terran
  • Spawn Location: 7:00

Bunny

  • Race: Terran Terran
  • Spawn Location: 1:00

VOD

Have the link to the VOD?

Description

Time

  • Played on: Jan. 16, 2021, 2:11 p.m.
  • Length: 16:18
Show
View Real Time Build Order
Export as new Build Order

LiquidClem Terran - Winner!

Build Orders:  

Get SALT Encoding   

  12  0:00  SCV  
  13  0:12  SCV  
  14  0:17  Supply Depot  
  14  0:24  SCV  
  15  0:38  SCV  
  15  0:39  Barracks  
  16  0:43  Refinery  
  16  0:50  SCV  
  16  0:53  Refinery  
  17  1:02  SCV  
  18  1:14  SCV  
  19  1:26  Reaper  
  19  1:27  Orbital Command  
  19  1:28  Supply Depot  
  20  1:40  Factory  
  20  1:52  SCV  
  21  1:58  Reaper  
  22  2:04  SCV  
  23  2:17  SCV  
  24  2:29  SCV  
  25  2:30  Command Center  
  25  2:31  Hellion  
  25  2:35  Barracks Reactor  
  27  2:41  SCV  
  28  2:47  Starport  
  27  2:53  SCV  
  27  2:54  Factory Tech Lab  
  28  2:59  Supply Depot  
  28  3:05  SCV  
  29  3:11  Marine  
  29  3:12  Marine  
  31  3:21  Siege Tank, SCV  
  35  3:31  Marine x2  
  37  3:35  Medivac  
  39  3:41  Refinery  
  39  3:42  SCV  
  39  3:46  Orbital Command  
  39  3:48  Supply Depot  
  40  3:50  Marine x2  
  40  3:54  SCV  
  43  3:58  Siege Tank  
  46  4:05  Supply Depot  
  46  4:06  SCV  
  46  4:08  Marine x2  
  49  4:13  Medivac  
  49  4:16  SCV  
  52  4:18  SCV  
  53  4:24  Supply Depot  
  53  4:29  Marine x2  
  55  4:33  Siege Tank  
  58  4:42  SCV  
  58  4:43  Viking  
  61  4:51  Supply Depot, SCV  
  62  4:54  SCV, Marine x2  
  65  5:03  SCV  
  65  5:05  Siege Tank  
  65  5:06  SCV  
  70  5:13  Supply Depot  
  70  5:15  SCV  
  70  5:16  Starport Tech Lab, Marine x2  
  70  5:18  SCV  
  74  5:27  SCV  
  68  5:30  SCV  
  68  5:34  Marine  
  62  5:36  Raven  
  62  5:37  Siege Tank  
  62  5:39  SCV  
  62  5:42  SCV  
  69  5:48  Command Center  
  69  5:52  SCV  
  69  5:53  Marine x2  
  69  5:55  SCV  
  73  6:02  Supply Depot  
  73  6:04  SCV  
  74  6:09  Siege Tank  
  74  6:10  Refinery  
  77  6:14  SCV  
  77  6:15  Barracks  
  77  6:17  Barracks  
  78  6:24  Supply Depot  
  78  6:30  Marine  
  78  6:32  SCV x2  
  81  6:35  Viking x2  
  81  6:37  Stimpack  
  85  6:44  SCV  
  85  6:45  Siege Tank  
  89  6:50  Engineering Bay x2  
  89  6:52  SCV  
  90  6:56  SCV, Marine  
  90  6:57  Supply Depot  
  92  7:04  Supply Depot, SCV  
  92  7:06  Barracks Reactor x2  
  92  7:07  Viking  
  95  7:11  Viking  
  95  7:12  SCV  
  98  7:17  Orbital Command  
  98  7:18  SCV  
  98  7:22  Marine  
  99  7:24  SCV  
  100  7:32  SCV, Siege Tank  
  100  7:34  Barracks  
  100  7:36  Barracks  
  103  7:42  Viking  
  103  7:43  Marine, Viking  
  105  7:44  Marine  
  105  7:45  SCV  
  105  7:47  Marine  
  105  7:49  Marine  
  105  7:50  SCV  
  86  7:51  Marine  
  86  7:54  SCV  
  83  8:01  Marine  
  83  8:02  SCV  
  83  8:04  Siege Tank  
  83  8:05  Marine  
  88  8:08  SCV  
  88  8:11  Marine x2  
  92  8:14  SCV  
  92  8:15  SCV  
  92  8:16  Combat Shield  
  92  8:19  Terran Infantry Weapons Level 1  
  94  8:23  Terran Infantry Armor Level 1  
  94  8:24  Marine  
  91  8:27  Barracks Reactor x2  
  91  8:30  Marine x2  
  91  8:33  Marine  
  88  8:34  SCV  
  88  8:36  SCV  
  88  8:37  Marine  
  91  8:42  Siege Tank, Marine  
  91  8:47  SCV  
  91  8:48  Marine x2  
  95  8:51  SCV  
  100  8:56  Marine  
  100  8:59  Marine  
  100  9:00  SCV  
  100  9:02  SCV  
  105  9:04  Medivac x2  
  105  9:05  Marine x2  
  105  9:06  Marine x2  
  105  9:07  Marine  
  105  9:08  SCV  
  111  9:12  Marine  
  111  9:14  SCV  
  111  9:15  Sensor Tower  
  113  9:17  Siege Tank  
  113  9:18  SCV  
  113  9:19  Marine  
  113  9:21  Marine x2  
  119  9:31  Supply Depot, SCV x3  
  119  9:32  Armory, Marine  
  119  9:37  Marine x2  
  119  9:38  Marine x2  
  124  9:39  Marine  
  124  9:43  SCV x2  
  124  9:45  Marine x2  
  131  9:50  Refinery, Marine  
  131  9:52  Siege Tank  
  135  9:55  Medivac  
  135  9:57  Medivac  
  139  10:00  Supply Depot  
  139  10:03  Marine  
  139  10:04  Marine  
  139  10:05  Marine x5  
  139  10:06  Marine  
  147  10:09  Marine  
  148  10:19  Supply Depot  
  148  10:21  Marine  
  148  10:22  Supply Depot x2, Marine  
  150  10:32  Command Center  
  150  10:33  Siege Tank, Marine x3  
  150  10:34  Marine x2  
  150  10:35  Marine  
  139  10:40  Marine x2  
  130  10:49  Marine  
  127  10:51  Marine x5  
  127  10:52  Factory  
  127  10:55  Marine  
  124  10:58  Marine  
  124  11:00  Terran Infantry Weapons Level 2  
  125  11:05  Terran Infantry Armor Level 2, Siege Tank  
  125  11:06  Marine  
  128  11:11  Marine  
  128  11:12  Marine  
  128  11:14  Viking x2  
  128  11:18  Marine x2  
  130  11:19  Refinery, Marine  
  130  11:23  Marine x2  
  130  11:25  Marine  
  134  11:28  Barracks Reactor  
  134  11:29  Marine  
  134  11:30  Marine  
  134  11:31  Supply Depot  
  136  11:36  Marine  
  136  11:37  Siege Tank, Marine x2  
  139  11:44  Viking x2  
  143  11:48  Marine  
  143  11:49  Marine x3  
  143  11:53  Siege Tank  
  151  11:54  SCV x2  
  151  11:55  SCV  
  152  12:02  Terran Vehicle Weapons Level 1  
  152  12:04  Marine x2  
  152  12:05  Marine x2  
  152  12:06  Marine x3  
  159  12:08  SCV  
  159  12:09  Siege Tank  
  159  12:13  Marine x2  
  159  12:15  SCV  
  165  12:18  Liberator  
  165  12:21  Viking  
  170  12:23  Marine  
  170  12:24  Marine x3  
  170  12:25  Marine  
  171  12:30  Siege Tank  
  171  12:33  SCV  
  164  12:40  Marine x4  
  164  12:41  Siege Tank  
  164  12:42  Marine  
  164  12:43  SCV x2  
  170  12:45  SCV  
  170  12:46  Marine  
  172  12:51  Planetary Fortress  
  172  12:53  Marine x2  
  172  12:55  Marine  
  172  12:57  Marine  
  176  13:01  Medivac  
  176  13:02  Siege Tank  
  181  13:07  Sensor Tower  
  181  13:10  Marine x3  
  184  13:14  Siege Tank  
  184  13:15  Marine x2  
  188  13:23  Medivac  
  187  13:30  Marine x2  
  187  13:32  Marine x2  
  170  13:34  Siege Tank  
  170  13:36  Marine  
  170  13:37  Marine x3  
  147  13:41  Marine  
  147  13:42  Marine  
  147  13:44  Medivac  
  147  13:48  Marine x2  
  149  13:50  Marine  
  149  13:53  Medivac  
  149  13:54  Starport  
  152  13:56  Marine x2  
  152  13:57  Barracks, Marine  
  152  13:58  Command Center, Marine x2  
  152  13:59  Marine  
  156  14:06  Marine x3  
  158  14:11  Siege Tank, Marine  
  158  14:14  Marine x2  
  158  14:16  Refinery  
  167  14:21  Marine  
  167  14:22  Marine x2  
  167  14:23  Viking  
  167  14:24  Viking  
  171  14:26  Siege Tank  
  174  14:35  Marine x2  
  174  14:38  Missile Turret  
  176  14:41  Marine x3  
  176  14:42  Marine x4  
  176  14:43  Siege Tank, Marine  
  187  14:48  Supply Depot  
  187  14:55  Marine x2  
  187  14:56  Marine  
  187  14:58  Siege Tank  
  187  14:59  Marine  
  187  15:00  Marine x2  
  187  15:03  Viking  
  191  15:08  Marine x2  
  191  15:11  Viking  
  195  15:15  Siege Tank  
  194  15:23  Marine x6  
  194  15:24  Viking  
  194  15:28  Marine  
  175  15:29  Marine  
  175  15:30  Siege Tank  
  175  15:31  Marine  
  179  15:41  Marine x2  
  179  15:42  Marine x2  
  179  15:43  Marine  
  179  15:44  Marine x2  
  175  15:57  Marine x4  
  175  15:58  Marine x2  
  175  16:00  Marine  
  184  16:10  Refinery  
Show
View Real Time Build Order
Export as new Build Order

Bunny Terran 

Build Orders: Reaper Expand 

Get SALT Encoding   

  12  0:00  SCV  
  13  0:12  SCV  
  14  0:17  Supply Depot  
  14  0:24  SCV  
  15  0:39  SCV  
  15  0:40  Barracks  
  16  0:42  Refinery  
  16  0:51  SCV  
  17  1:03  SCV  
  18  1:15  SCV  
  19  1:27  Orbital Command, Reaper  
  20  1:38  Command Center  
  20  1:50  Supply Depot  
  20  1:53  SCV  
  21  1:59  Marine  
  22  2:05  SCV  
  22  2:07  Factory  
  23  2:12  Refinery  
  23  2:17  SCV  
  23  2:18  Bunker  
  23  2:21  Barracks Reactor  
  24  2:29  SCV  
  25  2:41  SCV  
  26  2:51  Hellion  
  28  2:52  Orbital Command  
  28  2:53  Starport, SCV  
  28  2:58  Marine x2  
  30  3:05  SCV  
  30  3:12  Factory Tech Lab  
  31  3:16  Marine x2  
  31  3:17  SCV  
  31  3:18  SCV  
  35  3:26  Refinery  
  35  3:30  Cyclone, SCV x2  
  35  3:32  Starport Tech Lab  
  35  3:34  Marine  
  40  3:35  Marine  
  40  3:39  Supply Depot  
  42  3:43  SCV x2  
  44  3:50  Supply Depot  
  44  3:53  Raven  
  46  4:01  SCV x2, Marine x2  
  50  4:04  Supply Depot  
  50  4:13  SCV, Siege Tank  
  50  4:14  SCV  
  55  4:17  Refinery  
  55  4:26  SCV x2  
  55  4:27  Marine x2  
  53  4:36  Raven  
  51  4:40  SCV x2  
  51  4:41  Supply Depot  
  51  4:44  Marine x2  
  55  4:47  Siege Tank  
  58  4:53  SCV x2  
  58  4:58  Command Center  
  60  5:01  Supply Depot  
  60  5:03  Marine x2  
  60  5:05  SCV x2  
  64  5:10  Supply Depot  
  64  5:15  Supply Depot  
  64  5:20  Siege Tank  
  62  5:27  Marine x2  
  57  5:31  SCV x2  
  57  5:33  Raven  
  56  5:45  Marine x2  
  56  5:46  SCV x2  
  60  5:52  Siege Tank  
  63  5:58  SCV x2  
  63  6:03  Marine x2  
  67  6:11  Barracks, Orbital Command  
  67  6:12  Barracks  
  67  6:20  SCV x2  
  67  6:24  Siege Tank  
  72  6:27  Viking  
  72  6:28  Viking  
  76  6:33  Stimpack  
  76  6:34  Marine  
  76  6:35  Orbital Command, SCV x2  
  79  6:46  Engineering Bay x2  
  79  6:47  SCV  
  79  6:48  SCV  
  79  6:52  Marine  
  82  6:57  Viking  
  82  6:58  Viking  
  82  7:00  SCV x2  
  82  7:01  Barracks Reactor x2, Supply Depot  
  88  7:06  Siege Tank  
  91  7:09  Marine  
  91  7:14  Terran Infantry Armor Level 1, Terran Infantry Weapons Level 1  
  92  7:18  SCV x2  
  92  7:19  Supply Depot  
  92  7:20  Orbital Command  
  94  7:38  Siege Tank  
  88  7:50  Marine  
  88  7:51  Marine x4  
  81  7:52  SCV x2  
  81  7:53  SCV  
  81  7:57  Medivac  
  83  7:59  Orbital Command  
  83  8:01  Barracks  
  83  8:03  Barracks  
  81  8:08  Marine x2  
  81  8:09  Marine x3  
  81  8:10  Siege Tank  
  81  8:11  Orbital Command  
  88  8:14  Combat Shield  
  88  8:26  Marine x5  
  88  8:36  Medivac  
  90  8:43  Medivac, Siege Tank  
  90  8:44  Marine x5  
  96  8:48  SCV  
  96  8:49  SCV  
  96  8:53  Barracks Reactor x2  
  96  8:54  Missile Turret, Orbital Command  
  98  8:59  Missile Turret  
  98  9:02  Marine x5  
  103  9:09  Medivac  
  105  9:13  Sensor Tower  
  105  9:16  Missile Turret  
  106  9:17  SCV x2  
  106  9:19  Medivac, Marine  
  106  9:20  Marine x4  
  106  9:22  SCV  
  115  9:25  Refinery  
  115  9:26  Refinery  
  115  9:30  Armory  
  115  9:32  Marine x2  
  115  9:33  Marine x2  
  115  9:37  Siege Tank, Marine  
  115  9:38  SCV, Marine  
  124  9:39  SCV  
  124  9:43  Marine x2  
  124  9:44  Marine  
  129  9:50  SCV, Marine x2  
  129  9:51  SCV  
  133  9:55  Supply Depot x2  
  133  9:57  Supply Depot, SCV, Marine x4  
  138  10:01  Marine x2  
  138  10:06  Marine  
  139  10:08  Marine x2  
  140  10:15  Marine  
  140  10:17  Medivac x2, Siege Tank, Marine x3  
  140  10:18  Supply Depot  
  125  10:36  Marine x2  
  125  10:37  Marine x4  
  127  10:44  Marine x3  
  127  10:47  Medivac x2  
  127  10:49  Siege Tank  
  137  10:50  Terran Infantry Weapons Level 2  
  137  10:54  Marine x6  
  131  11:02  Marine x3  
  132  11:04  Terran Infantry Armor Level 2  
  132  11:12  Marine x6  
  137  11:19  Marine  
  137  11:20  Marine x2  
  137  11:25  Command Center, Siege Tank  
  143  11:26  Medivac  
  143  11:28  Medivac  
  143  11:30  Marine  
  148  11:46  Marine x8  
  156  11:47  Marine  
  157  11:54  Terran Vehicle Weapons Level 1  
  157  11:56  Medivac  
  157  11:57  Siege Tank  
  157  11:58  Medivac  
  163  12:04  Marine  
  163  12:05  Marine x6  
  167  12:17  Marine x2  
  167  12:22  Marine  
  170  12:23  Marine x3  
  169  12:34  Marine x4  
  169  12:35  Marine  
  171  12:39  Marine  
  171  12:40  Marine  
  171  12:41  Marine x2  
  171  12:42  Siege Tank  
  168  12:50  Planetary Fortress  
  168  12:51  Marine  
  168  12:52  Marine x4  
  168  12:54  Sensor Tower  
  168  12:57  Marine  
  171  12:58  Marine x2  
  171  12:59  Marine  
  174  13:09  Marine x3  
  174  13:10  Marine x2  
  179  13:15  Siege Tank, Marine  
  179  13:16  Marine x3  
  182  13:27  Marine x3  
  182  13:28  Marine x2  
  182  13:33  Marine  
  148  13:34  Marine x3  
  124  13:45  Viking x2, Marine x3  
  124  13:46  Marine x2  
  124  13:47  Siege Tank  
  133  13:51  Marine  
  133  13:52  Marine x3  
  134  13:57  Barracks x2  
  134  13:59  Barracks  
  134  14:02  Missile Turret  
  131  14:03  Marine x4  
  131  14:04  Marine  
  131  14:08  Marine  
  131  14:09  Marine  
  137  14:10  SCV x3, Marine x2  
  142  14:17  SCV  
  142  14:20  Siege Tank, Marine  
  147  14:24  Marine  
  147  14:25  Marine x3  
  147  14:26  Marine  
  147  14:31  Marine x3  
  152  14:37  Viking  
  152  14:38  Marine, Viking  
  159  14:42  Marine x2  
  162  14:47  Barracks Reactor x3  
  162  14:52  Siege Tank  
  165  14:57  Marine x7  
  166  15:00  Marine x2  
  168  15:14  Marine  
  168  15:15  Marine x4  
  168  15:16  Marine x2  
  168  15:18  Marine x2  
  136  15:24  Siege Tank  
  136  15:26  Marine  
  136  15:27  Marine x5  
  106  15:32  Marine x5  
  106  15:34  Marine  
  103  15:44  Marine x2  
  103  15:45  Marine x6  
Tags
 
Matchup
TvT
Player
BunnyClem
Race
Terran
Spawn Locations
Cross Positions
Add a new tag
Caveats
  • Supply blocks, unpowered buildings, or Contaminate may cause inaccurate times.
  • Supply counts are checked every 10 seconds.